[Event "1000IM Saint Louis 2022"]
[Site "Saint Louis"]
[Date "2022.07.21"]
[Round "5.1"]
[White "Proleiko, Julian"]
[Black "Cervantes Landeiro, Thalia"]
[Result "0-1"]
[ECO "A29"]
[WhiteElo "2238"]
[BlackElo "2234"]
[Annotator "TA"]
[PlyCount "132"]
[EventDate "2022.07.20"]
[EventType "tourn"]
[EventCountry "USA"]
[SourceTitle "playchess.com"]
[Source "ChessBase"]
[SourceQuality "1"]
[TimeControl "5400+30"]

1. c4 e5 2. g3 Nf6 3. Bg2 d5 4. cxd5 Nxd5 5. Nc3 Nb6 6. Nf3 Nc6 7. O-O Be7 8. d3 O-O 9. a3 a5 10. Be3 Re8 11. Rc1 {[%emt 0:01:59] [#]} Bf5 $146 {[%emt 0:10:58] A29: English Opening: Four Knights Variation with 4 g3.} ({Predecessor:} 11... Bf8 12. Na4 Nd5 13. Bc5 Bxc5 14. Rxc5 Nb6 15. Nd2 Bd7 16. Nxb6 cxb6 17. Rc3 Rc8 18. e3 Kh8 19. Qf3 {0-1 (35) Badelka,O (2448)-Xu,Y (2507) Chess.com INT 2022}) 12. Nd2 Bf8 13. Re1 Be6 {[%emt 0:05:06] White is slightly better.} 14. Na4 Nxa4 15. Qxa4 Bd5 16. Ne4 f5 17. Nc3 Bf7 18. Qb5 Rb8 19. Na4 ({White should try} 19. Bd5 $11) 19... Nd4 (19... f4 $5 20. Bc5 (20. gxf4 exf4 21. Bxf4 Nd4 $15) 20... fxg3 21. hxg3 (21. fxg3 Nd4 $17) 21... Nd4 22. Bxd4 (22. Qxa5 $2 b6 $19) 22... exd4 $15) 20. Bxd4 (20. Qxa5 Ra8 21. Qxc7 Rxa4 22. Qxb7 g6 $17) 20... c6 21. Bb6 cxb5 22. Bxd8 Rexd8 23. Nc5 b6 24. Na6 Rbc8 25. Bb7 Rxc1 26. Rxc1 e4 27. dxe4 Bc4 28. e5 Rd2 29. a4 (29. e4 $11) 29... Rxe2 ({But not} 29... Bxe2 30. axb5 Kf7 31. Rc7+ Be7 32. f4 $11) ({And not} 29... Rxb2 30. Nc7 $15) 30. axb5 Bf7 (30... Bxb5 $2 31. Bd5+ Kh8 32. Rc8 $18) ({Black should play} 30... Bb3 $17 31. Rc8 Rxe5) 31. f4 (31. Nb8 $11) 31... Rxb2 (31... g5 $1 $15 32. Rc6 gxf4 33. gxf4 Rxb2 34. Rxb6 a4) 32. Rc8 $11 Be6 33. Ra8 Kf7 34. Bc6 a4 {[%emt 0:01:25] And now ...a3 would win.} 35. Be8+ $1 Ke7 36. Nc7 {[%emt 0:00:15] Hoping for Bc6.} Bb3 37. Bc6 {[%emt 0:00:14] aiming for Re8+.} Kf7 38. e6+ Bxe6 39. Nxe6 Kxe6 40. Rxa4 {[%emt 0:05:45][%mdl 4096] Endgame KRB-KRB} ({Much worse is} 40. Rxf8 a3 41. Re8+ Kd6 42. Rd8+ Kc5 $17) 40... Bc5+ 41. Kh1 Kf6 42. Ra7 h6 43. h4 Rb1+ 44. Kg2 Rb2+ 45. Kh1 Bf2 46. Kg2 Be1+ 47. Kf3 (47. Kh3 $5 ) 47... Rb3+ 48. Ke2 $1 Bxg3 49. Rb7 Bxf4 50. Rxb6 Be3 51. Bd5+ Bxb6 52. Bxb3 {[%emt 0:00:02] KB-KB} g5 53. hxg5+ hxg5 {[%emt 0:00:02] ...g4 is the strong threat.} 54. Bd5 Ke5 55. Bc6 Kf4 56. Bd7 $1 g4 {[%emt 0:00:46] Strongly threatening ...Kg5.} 57. Kf1 $1 Kg5 {[%emt 0:00:20] White must now prevent ...f4.} 58. Kg2 f4 {[%emt 0:00:10][%cal Bf5f4,Bf4f3][%mdl 32] Threatens to win with ...f3+.} 59. Bc6 Kh4 60. Bb7 Kg5 61. Bc6 Kf6 62. Bd7 $2 (62. Bd5 $11) 62... f3+ $1 $19 {[%emt 0:00:14] Black is clearly winning.} 63. Kg3 {[%emt 0:00:03] [#]} Bc7+ $1 64. Kf2 {[%emt 0:00:04] [#]} Kg5 $1 65. Ke3 Bb6+ 66. Kd3 g3 {[%emt 0:00:35] Weighted Error Value: White=0.13 (very precise) /Black=0.13 (very precise)} 0-1

[Event "1000IM Saint Louis 2022"]
[Site "Saint Louis"]
[Date "2022.07.21"]
[Round "5.2"]
[White "Williams, Justus"]
[Black "Sethuraman, Sandeep"]
[Result "1-0"]
[ECO "B12"]
[WhiteElo "2390"]
[BlackElo "2305"]
[Annotator "TA"]
[PlyCount "79"]
[EventDate "2022.07.20"]
[EventType "tourn"]
[EventCountry "USA"]
[SourceTitle "playchess.com"]
[Source "ChessBase"]
[SourceQuality "1"]
[TimeControl "5400+30"]

1. e4 c6 2. d4 d5 3. e5 Bf5 4. c4 e6 5. Nc3 dxc4 6. Bxc4 Nd7 7. Nge2 Ne7 8. O-O {[%emt 0:03:01] 8.Ng3 is more fashionable.} Nb6 9. Bb3 Qd7 {[%emt 0:02:14] B12: Caro-Kann: Advance Variation.} 10. Be3 Bg6 {[%emt 0:09:39] [#]} 11. Qd2 $146 ({Predecessor:} 11. f3 Ned5 12. Bf2 Nxc3 13. bxc3 Be7 14. c4 O-O 15. Nc3 Qc7 16. f4 a5 17. a4 {1-0 (40) Smith,A (2252)-Plueg,A (2313) Birmingham 2000}) 11... Ned5 {[%emt 0:09:12] The position is equal.} 12. Ng3 Be7 13. Bg5 O-O 14. h4 h6 15. Bxe7 Qxe7 16. h5 Bh7 17. Nce4 Bxe4 18. Nxe4 Qh4 19. Qe2 Rad8 20. g3 {[%emt 0:02:50] Against Nf4} Qh3 21. Rad1 Ne7 (21... Rd7 $142) 22. Rd3 $1 $16 {[%emt 0:01:11] White is more active.} Nbd5 23. a3 {[%emt 0:02:17] Inhibits Nb4.} b6 24. Bc2 (24. f4 $1 $18 {aiming for g4.} Qf5 25. Nd6) 24... Rd7 $2 {[%emt 0:01:57][%mdl 8192] [#] Black cannot hold the game after this.} (24... f5 $1 $14 25. exf6 Nxf6) 25. f4 $1 $18 Nf5 {[%emt 0:04:01][%cal Oc6c5] [#]} 26. Rf2 $1 Nxd4 $2 (26... Nde3 27. Rxe3 Nxd4) 27. Rxd4 Nxf4 {[%emt 0:00:06] [#]} 28. gxf4 $1 Rxd4 29. Rh2 Qf5 {[%emt 0:01:20] [#]} 30. Nf6+ $1 {[%emt 0:00:07][%mdl 576] Discovered Attack} gxf6 (30... Kh8 31. Bxf5) 31. Bxf5 exf5 32. Rg2+ Kh8 33. Qc2 Rxf4 34. Qxc6 Rg4 35. Qxf6+ Kg8 36. Rxg4+ fxg4 37. Qxh6 Re8 38. Qg5+ Kh7 39. h6 (39. Qf6 $142 Rg8 40. Qxf7+ Rg7 41. Qf5+ Kg8 42. e6 Rc7 43. Qg5+ Rg7 44. Qe5) 39... a5 40. Qg7# {[%emt 0:00:04] Weighted Error Value: White=0.09 (flawless) /Black=1.12} 1-0

[Event "1000IM Saint Louis 2022"]
[Site "Saint Louis"]
[Date "2022.07.21"]
[Round "5.3"]
[White "Stefanov, Emil"]
[Black "Tokhirjonova, Gulrukhbegim"]
[Result "1/2-1/2"]
[ECO "D37"]
[WhiteElo "2342"]
[BlackElo "2329"]
[Annotator "TA"]
[PlyCount "117"]
[EventDate "2022.07.20"]
[EventType "tourn"]
[EventCountry "USA"]
[SourceTitle "playchess.com"]
[Source "ChessBase"]
[SourceQuality "1"]
[TimeControl "5400+30"]

1. d4 Nf6 2. c4 e6 3. Nf3 d5 4. Nc3 a6 5. cxd5 exd5 6. Bg5 {[%emt 0:00:09] D37: Queen's Gambit Declined: 5 Bf4.} Be6 7. e3 h6 8. Bf4 {[%emt 0:05:37] White has an edge.} Nbd7 9. Bd3 g5 10. Bg3 Nh5 11. Qc2 Nxg3 12. hxg3 Bg7 13. Na4 c6 14. Rc1 Qe7 15. a3 {[%emt 0:13:24] [#]} a5 $146 ({Predecessor:} 15... O-O 16. Bh7+ Kh8 17. Bf5 Kg8 18. O-O b5 19. Nc3 Rac8 20. Rfe1 Bxf5 21. Qxf5 Qe6 {½-½ (29) Strutinskaya,G (2196)-Ankudinova,E (2051) Bucharest 2019}) 16. Qb3 b5 17. Nc5 Bg4 18. Nxd7 Bxd7 19. O-O O-O 20. Rc5 a4 21. Qc2 Rfb8 22. Bh7+ Kh8 23. Bf5 {[%emt 0:00:06] Inhibits Qe6.} Be8 24. e4 {[%emt 0:03:18] White is more active.} g4 (24... dxe4 $16 25. Bxe4 (25. Qxe4 Qxe4 26. Bxe4 Bf8 $11) 25... Ra6) 25. Ne5 $1 $18 (25. Bxg4 Qxe4 26. Qxe4 dxe4 $11) 25... Bxe5 26. dxe5 Qxe5 27. exd5 cxd5 28. Bxg4 b4 29. Bf3 (29. Rd1 $1 $18) 29... bxa3 $16 30. bxa3 Rb5 31. Rd1 {[%emt 0:01:09] And now Rxb5 would win.} Rd8 (31... Qb2 $16 {keeps fighting.}) 32. Rxb5 $1 $18 Bxb5 33. Qc5 Bc4 34. Qa5 Rb8 {[%emt 0:04:02] [#]} 35. Re1 $1 (35. Bxd5 Bb3 36. Rd3 (36. Rb1 $2 Qf5 $19) 36... Bc4 $11) 35... Qd4 {[%emt 0:03:39] [#]} 36. Qxa4 ({But not} 36. Rd1 Qe5 $16) (36. Qc7 $1 $16 Rb2 37. Kh2) 36... Rb2 $14 37. Qe8+ Kg7 38. Re3 {[%emt 0:00:40] aiming for Bh5. Really sharp!} ({Don't go for} 38. Re7 $2 Qxf2+ 39. Kh2 Qxf3 $19) 38... Rb1+ (38... Qd2 $2 39. Qe5+ Kg8 40. Kh2 Qxf2 41. Qf4 $18) 39. Kh2 Qa1 40. g4 Qf6 41. Qe7 (41. Kg3 $14) 41... Ra1 $11 {[%emt 0:00:41] The position is equal.} 42. Qxf6+ Kxf6 {[%emt 0:00:02][%mdl 4096] Endgame KRB-KRB} 43. Kg3 Ra2 44. Rc3 Ke5 45. Re3+ Kf6 46. Bd1 d4 47. Rf3+ Ke5 48. Bb3 Bxb3 49. Rxb3 {[%emt 0:00:03] KR-KR} Kd5 50. Kf3 Kc4 51. Rb7 Kd3 ({Resist} 51... Rxa3+ 52. Ke4 $16) 52. Rxf7 Rxa3 {[%emt 0:00:05] Hoping for ...Kc2+.} 53. Rd7 Kd2+ 54. Ke4 d3 {[%emt 0:00:03] Threatens to win with ...Ke2.} 55. f4 Ke2 {[%emt 0:01:12] ...d2 is the strong threat.} 56. g5 hxg5 57. fxg5 d2 58. Rxd2+ Kxd2 59. g6 {[%emt 0:00:26] White really could win this.  Weighted Error Value: White=0.08 (flawless) /Black=0.09 (flawless)} 1/2-1/2

[Event "1000IM Saint Louis 2022"]
[Site "Saint Louis"]
[Date "2022.07.21"]
[Round "5.4"]
[White "Altman, Joshua"]
[Black "Wang, Tianqi"]
[Result "1/2-1/2"]
[ECO "A56"]
[WhiteElo "2162"]
[BlackElo "2402"]
[Annotator "TA"]
[PlyCount "62"]
[EventDate "2022.07.20"]
[EventType "tourn"]
[EventCountry "USA"]
[SourceTitle "playchess.com"]
[Source "ChessBase"]
[SourceQuality "1"]
[TimeControl "5400+30"]

1. d4 Nf6 2. c4 c5 3. d5 a6 4. a4 e6 5. Nc3 Qe7 6. Nf3 {[%emt 0:00:27] A56: Czech Benoni.} d6 7. g3 exd5 {[%emt 0:00:04] [#]} 8. Bg5 $146 (8. cxd5 $14 g6 9. Bg2) ({Predecessor:} 8. cxd5 g6 9. Bg2 Bg7 10. O-O O-O 11. Qb3 Nbd7 12. Re1 Ne4 13. Nxe4 Qxe4 14. Bf4 {1-0 (49) Erigaisi,A (2634)-Shahinyan,D (2469) Tsaghkadzor 2021}) 8... Be6 (8... dxc4 $11 9. Nd5 Qd8) 9. cxd5 $16 ({Much less strong is} 9. Nxd5 Bxd5 10. cxd5 Nbd7 $14) 9... Bg4 10. Nd2 Nbd7 11. Bg2 h6 12. Bxf6 Qxf6 13. h3 Bf5 14. O-O g5 15. e4 Bh7 16. Nc4 Be7 17. Ne3 {[%emt 0:13:21] White is more active.} h5 18. Qe2 h4 19. gxh4 Qf4 20. h5 Ne5 21. Ng4 $36 {[%emt 0:01:19][%mdl 2048] Black is under pressure.} Bf6 22. Qe3 (22. f3 $16) 22... Nxg4 (22... Bg7 $11 {remains equal.}) 23. Qxf4 ({Inferior is} 23. hxg4 Qxg4 24. Qg3 Qxh5 25. Qxd6 Bd4 $15) 23... gxf4 24. hxg4 Ke7 25. a5 (25. Rfb1 $142) 25... Bd4 ({Better is} 25... Rag8 26. f3 Bd4+ 27. Kh2 f5 28. exf5 Bxf5) 26. Rfe1 f6 (26... Kf6 $16 27. Ne2 Bxb2) 27. Ra2 (27. Ra3 $18) 27... Bg8 28. Na4 (28. Ne2 $18) 28... Bf7 $14 {[%emt 0:00:26] [#] White must now prevent ...Rag8.} 29. Bf3 (29. Kf1 $1 $14) 29... Be8 $2 (29... Rag8 $11 30. Kh2 Bxf2) 30. Nb6 $16 Rb8 31. b3 Bb5 {[%emt 0:00:45] Weighted Error Value: White=0.27 (precise) /Black=0.33} 1/2-1/2

[Event "1000IM Saint Louis 2022"]
[Site "Saint Louis"]
[Date "2022.07.21"]
[Round "5.5"]
[White "Nyzhnyk, Illya"]
[Black "Kozelov, Roman"]
[Result "1-0"]
[ECO "D07"]
[WhiteElo "2686"]
[BlackElo "2104"]
[Annotator "TA"]
[PlyCount "33"]
[EventDate "2022.07.20"]
[EventType "tourn"]
[EventCountry "USA"]
[SourceTitle "playchess.com"]
[Source "ChessBase"]
[SourceQuality "1"]
[TimeControl "5400+30"]

1. d4 d5 2. c4 Nc6 3. Nf3 Bg4 4. Nc3 Nf6 5. Ne5 dxc4 (5... Nxe5 $14 6. dxe5 d4) 6. Nxg4 $18 {[%emt 0:07:26] D07: Queen's Gambit: Chigorin Defence.} Nxg4 {[%emt 0:00:58] [#]} 7. d5 ({But not} 7. e3 $6 Nf6 $14) 7... Nb8 {[%emt 0:00:39] [#]} 8. Bf4 $146 (8. e4 $18 Ne5 9. f4 Nd3+ 10. Bxd3 cxd3 11. Qxd3) ({Predecessor:} 8. e4 Ne5 9. Bf4 Nbd7 10. Qa4 c6 11. dxc6 Nxc6 12. Bxc4 e5 13. Be3 Bc5 14. Bxf7+ Kxf7 {1-0 (24) Graf,A (2635)-Braun,R (1931) Schwaebisch Gmuend 2009}) 8... g5 (8... Nd7 $16) 9. Bxg5 Rg8 10. Bf4 Bg7 11. e4 Ne5 12. Qh5 Nd3+ (12... Nbd7 {was called for.} 13. Rd1 (13. Qxh7 Kf8 $16) 13... b5 14. Qxh7 (14. Nxb5 Qb8 $14) 14... Kf8) 13. Bxd3 cxd3 14. Qxh7 Kf8 {[%emt 0:02:29] White has a decisive advantage.} 15. Rd1 Nd7 16. Rxd3 Nf6 17. Qh3 {[%emt 0:00:33] Weighted Error Value: White=0.12 (very precise) /Black=0.29 (precise)} 1-0

[Event "1000IM Saint Louis 2022"]
[Site "Saint Louis"]
[Date "2022.07.21"]
[Round "6.1"]
[White "Cervantes Landeiro, Thalia"]
[Black "Kozelov, Roman"]
[Result "1-0"]
[ECO "D94"]
[WhiteElo "2234"]
[BlackElo "2104"]
[Annotator "TA"]
[PlyCount "71"]
[EventDate "2022.07.20"]
[EventType "tourn"]
[EventCountry "USA"]
[SourceTitle "playchess.com"]
[Source "ChessBase"]
[SourceQuality "1"]
[TimeControl "5400+30"]

1. d4 d5 2. c4 c6 3. Nf3 Nf6 4. e3 g6 5. Nc3 Bg7 6. Be2 O-O 7. O-O Nbd7 8. cxd5 Nxd5 9. e4 Nxc3 10. bxc3 e5 {[%emt 0:00:24] D94: Grünfeld: 4 Nf3 Bg7 5 e3.} 11. Bg5 {[%emt 0:12:29] White is more active.} Qa5 {[%emt 0:03:11] [#]} 12. Bd2 $146 ({Predecessor:} 12. Qb3 exd4 13. cxd4 Nf6 14. Bxf6 Bxf6 15. e5 Be7 16. a4 Rb8 17. Bc4 Kg7 18. h3 {1-0 (56) Swapnil,S (2425)-Padmini,R (2342) Aurangabad 2011}) 12... Qc7 {[%emt 0:02:46] White is slightly better.} 13. Rc1 Re8 14. Qc2 b6 15. Bc4 Nf8 16. Be3 Be6 17. Bd3 c5 18. Nxe5 Bxe5 19. dxe5 Qxe5 20. f4 Qc7 21. f5 gxf5 {[%emt 0:02:55] Black cannot hold the game after this.} ({Better is} 21... Bxf5 $14 22. Bf4 Qe7) 22. Bf4 {[%emt 0:01:14] This bishop pair is nice.} Qc6 23. exf5 Bd5 (23... c4 $16) 24. c4 $18 Be4 25. Rce1 Bxd3 26. Qxd3 f6 $2 (26... Kh8 {was called for.} 27. Bd6 Nd7 28. Qc3+ f6) 27. Qg3+ Kh8 28. Bh6 {[%emt 0:00:55][%csl Gh6][%cal Rg3g7] [#]} Qd7 {[%emt 0:02:18] Inhibits Qg7+.} 29. Rd1 Qf7 30. Rd6 {[%emt 0:08:07] Rfd1 is the strong threat.} Rad8 $2 (30... Nd7 {was necessary.} 31. Qh4 Ne5) 31. Rfd1 Rxd6 32. Qxd6 {[%emt 0:00:17] White is clearly winning.} ({Weaker is} 32. Rxd6 Nd7 $16) 32... Re7 (32... Ng6 $142 33. fxg6 hxg6) 33. Qc6 {[%emt 0:03:32] [#] Threatens to win with Rd8.} Kg8 (33... Re8 $142 34. h3 Qe7) 34. Rd3 (34. Rd8 $142 {Qd5 would kill now.} Qg7 35. Bxg7 Kxg7 36. Qd6) 34... Rd7 {[%emt 0:08:26] Inhibits Qd5.} (34... Re1+ $142 35. Kf2 Re8 36. Rg3+ Ng6 37. fxg6 hxg6) 35. Rg3+ Kh8 36. h3 {[%emt 0:03:58] Weighted Error Value: White=0.53/Black=0.54} 1-0

[Event "1000IM Saint Louis 2022"]
[Site "Saint Louis"]
[Date "2022.07.21"]
[Round "6.2"]
[White "Wang, Tianqi"]
[Black "Nyzhnyk, Illya"]
[Result "0-1"]
[ECO "B23"]
[WhiteElo "2402"]
[BlackElo "2686"]
[Annotator "TA"]
[PlyCount "154"]
[EventDate "2022.07.20"]
[EventType "tourn"]
[EventCountry "USA"]
[SourceTitle "playchess.com"]
[Source "ChessBase"]
[SourceQuality "1"]
[TimeControl "5400+30"]

1. e4 c5 2. Nc3 a6 3. g3 b5 4. Bg2 Bb7 5. d3 e6 6. Nh3 d5 {[%emt 0:02:30] B23: Closed Sicilian: Lines without g3.} (6... d6 $11 {keeps the balance.}) 7. O-O (7. exd5 $16 {Threatens to win with 0-0.} b4 8. Bg5) 7... d4 $11 8. Ne2 {[%emt 0:00:11] [#]} h6 $146 {[%emt 0:01:24] The position is equal.} ({Predecessor:} 8... Bd6 9. f4 e5 10. Ng5 f6 11. fxe5 Bxe5 12. Nf3 Nd7 13. Nf4 Bxf4 14. Bxf4 Ne7 {0-1 (48) Manukyan,A (2148)-Nemeth Junior,H (2001) Chess.com INT 2020}) 9. f4 f5 (9... Nf6 $11 {remains equal.}) 10. Nf2 Nf6 11. c3 Qd7 12. cxd4 cxd4 13. h3 Bc5 14. Kh2 Nc6 15. Bd2 Ne7 16. Nc1 Bb6 17. Nb3 Rc8 18. Qe2 Kf7 19. Rac1 Rxc1 20. Rxc1 Rc8 21. Rxc8 Qxc8 22. Bb4 g6 23. Qd1 Qc7 24. Qc1 (24. Qd2 {is interesting.} h5 25. Ba5 h4 26. Bxb6 hxg3+ 27. Kxg3 Nh5+ 28. Kh2) 24... Qxc1 25. Nxc1 Nc6 26. Bd2 a5 27. a3 a4 28. Kg1 Nd7 29. g4 Nc5 30. exf5 exf5 31. Kf1 Nd8 32. Nh1 Nde6 33. gxf5 gxf5 34. Ng3 Kg6 35. Kf2 Bxg2 36. Kxg2 h5 37. Kf3 h4 38. Nge2 Kf7 39. Be1 Bd8 40. Bf2 Bf6 41. Be1 Ke7 {[%emt 0:00:37] Black is more active.} 42. Bb4 Kd7 43. Be1 (43. Ng1 $15) 43... Kc6 44. Bd2 Kd5 (44... Nc7 $17) 45. Be1 Nd8 46. Kg2 Be7 47. Kf3 Nc6 48. Kg2 Nb3 49. Nxb3 axb3 {[%emt 0:00:05][%mdl 4096] Endgame KBN-KBN} 50. Nc1 {[%emt 0:00:05] [#]} Bxa3 $1 51. Nxb3 (51. Kf3 Be7) 51... Be7 52. Kf3 Nd8 53. Bd2 Ne6 54. Nc1 Bd6 55. Nb3 Bb8 56. Bc1 Bc7 57. Bd2 Bd6 58. Bc1 Bb4 59. Ke2 Kc6 60. Kf3 Kb6 61. Ke2 Bd6 62. Kf3 (62. Kd1 $1 $11) 62... b4 $1 $17 63. Nd2 $2 {[%emt 0:15:34] Loses the game.} (63. Na1 $17) 63... Kb5 $19 64. Nc4 {[%emt 0:00:40] [#]} Bc7 $1 65. Ne5 {[%emt 0:02:20] [#]} Ka4 $1 66. Ng6 $2 (66. Bd2) 66... Kb3 67. Bd2 Bd6 68. Nxh4 Ng7 69. Ke2 Kxb2 {[%emt 0:00:05] White must now prevent ...b3.} 70. Nf3 Ne6 {[%emt 0:00:04] Strongly threatening ...b3.} 71. Ne5 Bxe5 {[%emt 0:01:42] Black mates.} 72. fxe5 {[%emt 0:00:06] KB-KN} b3 73. Kd1 Ka2 74. Bc1 b2 75. Bxb2 Kxb2 76. h4 Nf4 ({Stronger than} 76... Kc3 77. h5 Nf4 78. h6 Nxd3 79. h7 Nb2+ 80. Ke1 $17 (80. Ke2 d3+ 81. Kf2 d2 $17)) 77. Kd2 Kb3 {[%emt 0:00:04] Weighted Error Value: White=0.14 (very precise) /Black=0.14 (very precise)} 0-1

[Event "1000IM Saint Louis 2022"]
[Site "Saint Louis"]
[Date "2022.07.21"]
[Round "6.3"]
[White "Tokhirjonova, Gulrukhbegim"]
[Black "Altman, Joshua"]
[Result "0-1"]
[ECO "C10"]
[WhiteElo "2329"]
[BlackElo "2162"]
[Annotator "TA"]
[PlyCount "131"]
[EventDate "2022.07.20"]
[EventType "tourn"]
[EventCountry "USA"]
[SourceTitle "playchess.com"]
[Source "ChessBase"]
[SourceQuality "1"]
[TimeControl "5400+30"]

1. e4 e6 2. d4 d5 3. Nc3 Nf6 4. Bg5 dxe4 5. Nxe4 Nbd7 6. Nf3 Be7 7. Nxf6+ Nxf6 8. Bd3 b6 9. Qe2 Bb7 10. O-O-O Bxf3 {[%emt 0:02:12] C10: French with 3 Nc3: Unusual Black 3rd moves and 3...dxe4.} 11. gxf3 Nd5 12. Bb5+ {[%emt 0:01:00] A strong pair of Bishops.} Kf8 {[%emt 0:00:01] The position is equal.} 13. Bd2 Qd6 {[%emt 0:26:05] [#]} 14. Kb1 $146 (14. Ba4 {with more complications.} a6 15. c4 b5 16. cxd5 bxa4 17. dxe6 Qxe6 18. Qe4) ({Predecessor:} 14. c4 c6 15. cxd5 cxb5 16. dxe6 Rc8+ 17. Kb1 Qxe6 18. Qxb5 Qg6+ 19. Ka1 Qe6 20. Rhe1 {1-0 (27) Sukandar,I (2092)-Cheri,S Jakarta 2005}) 14... c6 15. Bd3 Nf4 16. Bxf4 Qxf4 17. Be4 Rc8 18. c4 (18. Qe3 $11 {keeps the balance.} Qh4 19. f4) 18... g6 $17 19. Bc2 Bf6 20. Qe3 Qh4 21. f4 Kg7 22. Rhg1 c5 (22... Qxh2 $2 23. Rh1 Qxh1 24. Rxh1 $18) 23. dxc5 bxc5 24. Rd7 Rhd8 ({Weaker is} 24... Qxh2 25. Qg3 Qxg3 26. fxg3 $17) 25. Rxa7 Qxh2 26. Qg3 {[%emt 0:03:08] [#]} Qh5 {[%emt 0:02:13] ...Rb8 is the strong threat.} 27. Qg2 (27. Re1 $17) 27... Rb8 $19 28. b3 Qe2 {[%emt 0:02:45][%cal Od8d3] White must now prevent ...Rd3!} 29. Qe4 {[%emt 0:03:35] Inhibits Rd3.} Qxe4 {[%emt 0:03:24] Chess con chili.} 30. Bxe4 Rd2 31. f3 (31. f5 {was worth a try.} exf5 32. Bd5) 31... Rbd8 32. Kc1 (32. f5 {was called for.} Bd4 33. Rh1 gxf5 34. Bc6) 32... Rh2 33. f5 Bd4 34. Re1 {[%emt 0:00:25] Prevents Be3+. aiming for fxe6.} gxf5 35. Bc2 Kf6 36. a4 (36. f4 $142) 36... Rg8 37. Rd7 Rgg2 38. Bb1 Rd2 (38... Bc3 $142 39. Rf1 Bb4 40. Kd1 Rb2 41. Bd3 Rbd2+ 42. Kc1 Ba3+ 43. Kb1 Rb2+ 44. Kc1 Ra2+ 45. Kb1 Rhb2+ 46. Kc1 Ra1+ 47. Bb1 Raxb1#) 39. Rxd4 {[%emt 0:00:47] Black is clearly winning.} Rxd4 {[%emt 0:00:25][%mdl 4096] Endgame KRR-KRB} 40. Bc2 h5 {[%emt 0:00:22] Strongly threatening ...h4.} 41. a5 Rd6 42. Kb2 Rg2 43. Kc3 Rf2 44. Bd1 h4 45. b4 cxb4+ 46. Kxb4 Rb2+ 47. Kc3 Rb1 {[%emt 0:00:10] ( -> ...Rc1+)} 48. Kc2 {[%emt 0:00:22] Inhibits Rc1+.} Ra1 49. Rh1 {[%emt 0:00:13] [#]} Kg5 (49... Rdxd1 $142 $1 50. Rxh4 Rf1) 50. f4+ Kxf4 51. Rxh4+ Kg3 52. Rh1 Rxa5 {[%emt 0:00:09] And now ...Ra1 would win.} 53. Bh5 Rd4 54. Kc3 Rh4 55. Rxh4 Kxh4 56. Bxf7 {[%emt 0:00:05] KR-KB} e5 57. Kb4 Ra7 58. Bd5 e4 59. Kc3 Kg3 60. Kd4 Kf4 61. c5 e3 62. Bc4 Rd7+ 63. Kc3 Kf3 64. c6 Rc7 65. Bb5 Kf2 66. Kd4 {[%emt 0:01:37] Black took control after the opening.  Weighted Error Value: White=0.78/Black=0.45} 0-1

[Event "1000IM Saint Louis 2022"]
[Site "Saint Louis"]
[Date "2022.07.21"]
[Round "6.4"]
[White "Sethuraman, Sandeep"]
[Black "Stefanov, Emil"]
[Result "1/2-1/2"]
[ECO "E35"]
[WhiteElo "2305"]
[BlackElo "2342"]
[Annotator "TA"]
[PlyCount "63"]
[EventDate "2022.07.20"]
[EventType "tourn"]
[EventCountry "USA"]
[SourceTitle "playchess.com"]
[Source "ChessBase"]
[SourceQuality "1"]
[TimeControl "5400+30"]

1. d4 Nf6 2. c4 e6 3. Nc3 Bb4 4. Qc2 d5 5. cxd5 exd5 6. Bg5 h6 7. Bh4 g5 {[%emt 0:03:59] E35: Nimzo-Indian: Classical: 4...d5 5 cxd5 exd5.} 8. Bg3 Nc6 $1 {[%emt 0:00:05][%mdl 4] is more profitable than 8...Ne4 at the moment.} 9. e3 Ne4 10. Bd3 Bf5 11. Nge2 Qe7 12. O-O Bxc3 13. Nxc3 Nb4 14. Qa4+ Bd7 $1 15. Bb5 {[%emt 0:06:32] [#]} Nxg3 $146 ({Better is} 15... Bxb5 $14 16. Nxb5 (16. Qxb5+ c6 $14) 16... O-O) ({Predecessor:} 15... c6 16. Be2 h5 17. Be5 b5 18. Nxb5 cxb5 19. Bxb5 f6 20. f3 Nd2 21. Bxf6 Qxf6 22. Bxd7+ {0-1 (44) Potapova,M (2277)-Drygalov,S (2490) Chess.com INT 2021}) 16. hxg3 ({White should play} 16. Bxd7+ $16 Qxd7 17. Qxd7+ Kxd7 18. fxg3) 16... Bxb5 $1 $14 17. Qxb5+ c6 18. Qe2 (18. Qa4 $5 ) 18... O-O 19. g4 f5 20. gxf5 Rxf5 21. Rae1 Rd8 22. a3 Na6 23. Qh5 {[%emt 0:04:53] [#] Black must now prevent Qg6+.} Qg7 {[%emt 0:03:59] Against Qg6} 24. e4 dxe4 25. Rxe4 Nc7 {[%emt 0:00:41] Against Re6} 26. Rfe1 {[%emt 0:11:11] Re7 is the strong threat.} Rf7 {[%emt 0:03:38] Prevents Re7. The position is equal.} 27. Nd1 Nd5 {[#] Threatens to win with ...Nf6.} 28. Re8+ Rxe8 29. Rxe8+ Kh7 {Strongly threatening ...Nf6.} 30. Re5 Nf4 31. Qf3 Qg6 {And now ...Nd3 would win.} 32. Ne3 {[%emt 0:09:52] Weighted Error Value: White=0.07 (flawless) /Black=0.06 (flawless)} 1/2-1/2